[Event "Team 45 45 League T63"]
[Site "Internet Chess Club"]
[Date "2014.11.30"]
[Round "1"]
[White "pokerram"]
[Black "Invicta-Knight"]
[Result "0-1"]
[WhiteElo "1660"]
[BlackElo "1520"]
[Opening "Benkö gambit: main line"]
[ECO "A59"]
[Time "15:18:38"]
[TimeControl "2700+45"]

1. d4 Nf6 2. c4 c5 3. d5 b5 4. cxb5 a6 5. bxa6 Bxa6 6. Nc3 d6 7. e4 Bxf1 8. Kxf1
g6 9. Nf3 Bg7 10. g3 O-O 11. Kg2 Nbd7 12. Re1 Ng4 13. Qc2 Nge5 14. Nxe5 Nxe5 15.
f4 Nd7 16. a4 Qa5 17. Bd2 Qb4 18. Nd1 Qb7 19. Bc3 Rfb8 20. Bxg7 Kxg7 21. Qc3+ f6
22. Re2 Qb3 23. Qxb3 Rxb3 24. a5 Rb5 25. a6 Rb6 26. a7 Rb7 27. Nc3 Raxa7 28.
Rxa7 Rxa7 29. Kf3 Rb7 30. h4 Rb3 31. Kf2 Nb6 32. e5 Kf7 33. exd6 exd6 34. g4 Nc4
35. Ne4 f5 36. gxf5 gxf5 37. Ng5+ Kg6 38. Re6+ Kh5 39. Re7 Rxb2+ 40. Kg3 Rb3+
41. Kf2 Kxh4 42. Rxh7+ Kg4 43. Ne6 Rb2+ 44. Ke1 Rd2 45. Rg7+ Kf3 46. Ng5+ Kxf4
47. Nh3+ Ke5 48. Re7+ Kxd5 49. Nf4+ Kc6 50. Ne2 Rd5 51. Rf7 Re5 52. Kf2 d5 53.
Rf6+ Nd6 54. Nf4 d4 55. Nd3 Re3 56. Nf4 Kd7 57. Rh6 Ne4+ 58. Kg2 Rg3+ 59. Kh2 d3
60. Rh7+ Kc6 61. Rh6+ Kb5 62. Nd5 d2 63. Rb6+ Kc4 {White resigns} 0-1

[Event "Team 45 45 League T63"]
[Site "Internet Chess Club"]
[Date "2014.11.29"]
[Round "1"]
[White "Visin"]
[Black "idjit"]
[Result "0-1"]
[WhiteElo "1260"]
[BlackElo "1593"]
[Opening "Sicilian: O'Kelly variation"]
[ECO "B28"]
[Time "15:00:31"]
[TimeControl "2700+45"]

1. e4 c5 2. Nf3 a6 3. d4 cxd4 4. Nxd4 Nf6 5. Nc3 e5 6. Nf3 Bb4 7. Bd3 Bxc3+ 8.
bxc3 Qc7 9. Bb2 O-O 10. O-O d6 11. Qd2 Nbd7 12. h3 Nb6 13. Nh2 Be6 14. a3 Nc4
15. Bxc4 Nxe4 16. Qe3 Qxc4 17. Rfe1 f5 18. f4 Bd5 19. Nf1 Rae8 20. Nd2 Nxd2 21.
Qxd2 Qc5+ 22. Kh1 Be4 23. fxe5 dxe5 24. Re2 Rd8 25. Qe1 Rd6 26. Rd1 Rfd8 27.
Rxd6 Qxd6 28. Qf2 Qd1+ 29. Kh2 Rd6 30. c4 Re6 31. Rd2 Qh5 32. Qc5 f4 33. Rd8+
Kf7 34. Qc7+ Kg6 35. Rd6 Rf6 36. Qd8 Qh4 37. Rxf6+ gxf6 38. Qg8+ Kf5 39. Qc8+
Kg5 40. Qg8+ Bg6 41. Qd5 Qg3+ 42. Kg1 Qe3+ 43. Kh2 Qe4 44. c3 Qxd5 45. cxd5 Kf5
46. d6 Ke6 47. g3 fxg3+ 48. Kxg3 Kxd6 49. Kf3 Kc5 50. Ke3 Kc4 51. Kd2 Kb3 52.
Bc1 f5 53. h4 f4 {White resigns} 0-1

[Event "Team 45 45 League T63"]
[Site "Internet Chess Club"]
[Date "2014.11.29"]
[Round "1"]
[White "spongenotbob"]
[Black "AVEMARIA"]
[Result "1-0"]
[WhiteElo "2020"]
[BlackElo "1661"]
[Opening "Caro-Kann: Tartakower (fantasy) variation"]
[ECO "B12"]
[Time "16:00:52"]
[TimeControl "2700+45"]

1. e4 c6 2. d4 d5 3. f3 dxe4 4. fxe4 e5 5. Nf3 Bg4 6. Bc4 Nf6 7. Bxf7+ Ke7 8.
dxe5 Qxd1+ 9. Kxd1 Nxe4 10. Bb3 Bxf3+ 11. gxf3 Nf2+ 12. Ke2 Nxh1 13. Bg5+ Ke8
14. Nc3 h6 15. Be3 Nd7 16. Rxh1 Nc5 17. Bxc5 Bxc5 18. Ne4 Be7 19. Rg1 Kf8 20.
Rg4 g5 21. f4 h5 22. Rg2 gxf4 23. Rf2 Kg7 24. Rg2+ Kh6 25. Kf3 Raf8 26. Nc3 Rh7
27. Rd2 Rd8 28. Rxd8 Bxd8 29. Kxf4 Rg7 30. Ne4 Be7 31. Ng3 Rg4+ 32. Kf5 Bg5 33.
Bf7 Rf4+ 34. Ke6 h4 35. Nf5+ Kh7 36. Nd6 Rf2 37. Ne4 Rg2 38. Kd7 Bc1 39. e6 Rg7
40. Kd8 Be3 41. e7 Rxf7 42. e8=Q Bb6+ 43. Kc8 {Black resigns} 1-0

[Event "Team 45 45 League T63"]
[Site "Internet Chess Club"]
[Date "2014.11.28"]
[Round "1"]
[White "Egmont"]
[Black "Chess-Boy"]
[Result "0-1"]
[WhiteElo "1721"]
[BlackElo "1654"]
[Opening "Queen's pawn: London system"]
[ECO "A45"]
[Time "03:45:28"]
[TimeControl "2700+45"]

1. d4 Nf6 2. Bf4 e6 3. e3 c5 4. c3 Nc6 5. Nf3 d5 6. Nbd2 Bd6 7. Bg3 O-O 8. Ne5
Ne4 9. Nxc6 bxc6 10. Nxe4 dxe4 11. dxc5 Bxc5 12. Qa4 Qb6 13. b4 Bxe3 14. fxe3
Qxe3+ 15. Be2 Qxc3+ 16. Kf2 Qd4+ {White resigns} 0-1

[Event "Team 45 45 League T63"]
[Site "Internet Chess Club"]
[Date "2014.11.26"]
[Round "1"]
[White "CaptK"]
[Black "Kingofknights"]
[Result "1-0"]
[WhiteElo "1737"]
[BlackElo "1706"]
[Opening "QGD Slav: 4.e3"]
[ECO "D11"]
[Time "18:00:05"]
[TimeControl "2700+45"]

1. d4 d5 2. Nf3 Nf6 3. c4 c6 4. e3 dxc4 5. Bxc4 e6 6. Nc3 b5 7. Bd3 Bb7 8. O-O
a6 9. Ne4 c5 10. Nxc5 Bxc5 11. dxc5 Qc7 12. b4 Nc6 13. a3 Ne5 14. Nxe5 Qxe5 15.
Rb1 O-O 16. Qc2 Bc6 17. Bb2 Qg5 18. f4 Qh6 19. Bxf6 gxf6 20. Be4 Bxe4 21. Qxe4
Qg6 22. Qd4 Rfd8 23. Qb2 Rd3 24. Rf3 Kf8 25. Rg3 Qh6 26. Qa1 Rad8 27. a4 Ke7 28.
axb5 axb5 29. Rc1 Qh5 30. Rf3 Qd5 31. Qa7+ Rd7 32. Qa6 Rd1+ 33. Rxd1 Qxd1+ 34.
Rf1 Qd3 35. c6 Qxe3+ 36. Kh1 Qa7 37. Qxb5 Rd5 38. Qc4 Rd4 39. Qb5 Rd5 40. Qc4
Rd4 41. Qc3 Kd6 42. c7 {Black resigns} 1-0

[Event "Team 45 45 League T63"]
[Site "Internet Chess Club"]
[Date "2014.11.28"]
[Round "1"]
[White "tightfist"]
[Black "Lachesis"]
[Result "1-0"]
[WhiteElo "1615"]
[BlackElo "1486"]
[Opening "Caro-Kann: Steinitz variation"]
[ECO "B17"]
[Time "11:32:39"]
[TimeControl "2700+45"]

1. Nc3 d5 2. e4 c6 3. d4 dxe4 4. Nxe4 Nd7 5. Nf3 Ngf6 6. Ng3 e6 7. c4 Qa5+ 8.
Bd2 Bb4 9. Bd3 Bxd2+ 10. Nxd2 O-O 11. O-O c5 12. Nb3 Qc7 13. Re1 b6 14. Ne4 Bb7
15. dxc5 Nxe4 16. cxb6 Nxf2 17. Kxf2 Qf4+ 18. Kg1 Qg5 19. Be4 Bxe4 20. Rxe4 Nxb6
21. Rg4 Qe3+ 22. Kh1 Nxc4 23. Rxc4 Rad8 24. Qe1 Qd3 25. Rac1 Rd7 26. Nc5 Qd5 27.
Nxd7 Qxd7 28. Rd1 Qb5 29. Qb4 Qh5 30. Rcd4 Qe5 31. Rd8 g6 32. Qxf8# {Black
checkmated} 1-0

[Event "Team 45 45 League T63"]
[Site "Internet Chess Club"]
[Date "2014.12.02"]
[Round "1"]
[White "DouDou"]
[Black "flyingpawns"]
[Result "0-1"]
[WhiteElo "1755"]
[BlackElo "1827"]
[Opening "French: Tarrasch, open, 4.ed ed"]
[ECO "C08"]
[Time "22:35:29"]
[TimeControl "2700+45"]

1. e4 e6 2. d4 d5 3. Nd2 c5 4. exd5 exd5 5. Bb5+ Bd7 6. Bxd7+ Nxd7 7. Ngf3 Bd6
8. O-O Ne7 9. Re1 O-O 10. Nf1 Re8 11. Ng3 Qc7 12. c3 Rad8 13. Bd2 Nf6 14. Bg5
Nd7 15. Rc1 Nb6 16. Qb3 f6 17. Bd2 Kh8 18. Qc2 Ng6 19. Nf5 c4 20. Nxd6 Qxd6 21.
b4 Nf4 22. Bxf4 Qxf4 23. a4 Nd7 24. a5 Qd6 25. Qa4 Kg8 26. Qb5 Rf8 27. Qxb7 Rb8
28. Qxa7 Ra8 29. Qb7 Rfb8 30. a6 Rxa6 {White resigns} 0-1

[Event "Team 45 45 League T63"]
[Site "Internet Chess Club"]
[Date "2014.11.28"]
[Round "1"]
[White "hoard88"]
[Black "gyu123987kool"]
[Result "1-0"]
[WhiteElo "1532"]
[BlackElo "1626"]
[Opening "Grünfeld: exchange variation"]
[ECO "D85"]
[Time "13:21:33"]
[TimeControl "2700+45"]

1. d4 Nf6 2. c4 g6 3. Nc3 d5 4. cxd5 Nxd5 5. Bd2 Bg7 6. e4 Nxc3 7. Bxc3 O-O 8.
Qd2 c6 9. Nf3 Nd7 10. Bc4 Nf6 11. Qf4 b5 12. Bb3 Qb6 13. O-O Ba6 14. Bb4 Nh5 15.
Qg5 Bf6 16. Qe3 Rfe8 17. e5 Bh8 18. g4 Ng7 19. Bxf7+ Kxf7 20. Ng5+ Kg8 21. Qb3+
e6 22. Qh3 h5 23. Qd3 Nf5 24. gxf5 exf5 25. Qb3+ Kg7 26. Qf7+ Kh6 27. Bd2 {Black
resigns} 1-0

[Event "Team 45 45 League T63"]
[Site "Internet Chess Club"]
[Date "2014.11.26"]
[Round "1"]
[White "seattleblues"]
[Black "chessnow"]
[Result "1/2-1/2"]
[WhiteElo "1478"]
[BlackElo "1679"]
[Opening "King's Indian: London system"]
[ECO "A48"]
[Time "22:00:47"]
[TimeControl "2700+45"]

1. d4 Nf6 2. Nf3 g6 3. Bf4 Bg7 4. e3 d5 5. Be2 O-O 6. O-O Nc6 7. h3 Bf5 8. c4
Re8 9. Nc3 dxc4 10. Bxc4 Na5 11. Be2 Rc8 12. Rc1 Nc6 13. Nb5 Nd5 14. Bh2 a6 15.
Nc3 Nxc3 16. Rxc3 Nb4 17. a3 Nd5 18. Rc1 Nb6 19. Ne5 Nd7 20. Nf3 Nb6 21. Ne5 Nd7
22. Nf3 Nb6 23. Ne5 Nd7 24. Nf3 {Game drawn by repetition} 1/2-1/2

[Event "Team 45 45 League T63"]
[Site "Internet Chess Club"]
[Date "2014.11.28"]
[Round "1"]
[White "fishhead"]
[Black "tammany"]
[Result "0-1"]
[WhiteElo "1777"]
[BlackElo "1718"]
[Opening "Sicilian: Najdorf, 6.Bg5"]
[ECO "B94"]
[Time "14:00:38"]
[TimeControl "2700+45"]

1. e4 c5 2. Nf3 d6 3. d4 cxd4 4. Nxd4 Nf6 5. Nc3 a6 6. Bg5 Nbd7 7. f4 Qa5 8. Qd2
e6 9. O-O-O Be7 10. Bc4 O-O 11. Rhe1 h6 12. Bh4 Nxe4 13. Nxe4 Qxd2+ 14. Rxd2
Bxh4 15. g3 Be7 16. Nxe6 fxe6 17. Bxe6+ Kh8 18. Nxd6 Bxd6 19. Rxd6 Nf6 20. Bxc8
Raxc8 21. Re7 b6 22. Rb7 Rfe8 23. Rbxb6 Ng4 24. Rxa6 Nxh2 25. b3 Nf1 26. Rd3 Re2
27. c4 Rg2 28. Rf3 Nxg3 29. Rd6 Re8 30. Rd2 Ne2+ 31. Kb2 Nxf4 32. Rxg2 Nxg2 33.
a4 g5 34. a5 g4 35. Rg3 Ne3 36. Kc3 h5 37. Kd3 Nf5 38. Rg1 Re3+ 39. Kc2 Nd4+
{White resigns} 0-1

[Event "Team 45 45 League T63"]
[Site "Internet Chess Club"]
[Date "2014.11.28"]
[Round "1"]
[White "Constrictor"]
[Black "no2"]
[Result "0-1"]
[WhiteElo "1671"]
[BlackElo "1652"]
[Opening "Queen's pawn game, Krause variation"]
[ECO "D02"]
[Time "20:00:37"]
[TimeControl "2700+45"]

1. Nf3 d5 2. d4 c5 3. dxc5 e6 4. g3 Bxc5 5. Bg2 Nf6 6. O-O Nc6 7. Bg5 h6 8. Bf4
O-O 9. Nbd2 Qe7 10. c4 d4 11. Ne5 Nxe5 12. Bxe5 Ng4 13. Nf3 Rd8 14. a3 f6 15.
Bf4 e5 16. Bc1 e4 17. Nd2 e3 18. Ne4 exf2+ 19. Kh1 Ne3 20. Bxe3 dxe3 21. Qc2 Bf5
22. b4 Rd2 23. Qxd2 exd2 24. Nxc5 Qxe2 25. Bxb7 Rd8 26. Bd5+ Rxd5 27. cxd5 Qe4+
28. Nxe4 Bxe4# {White checkmated} 0-1

[Event "Team 45 45 League T63"]
[Site "Internet Chess Club"]
[Date "2014.11.28"]
[Round "1"]
[White "lilith"]
[Black "elessar"]
[Result "0-1"]
[WhiteElo "1429"]
[BlackElo "1603"]
[Opening "Torre attack (Tartakower variation)"]
[ECO "D03"]
[Time "18:00:14"]
[TimeControl "2700+45"]

1. d4 d5 2. Nf3 Nf6 3. Bg5 Ne4 4. e3 Nxg5 5. Nxg5 g6 6. c4 c6 7. Nc3 e6 8. Nf3
Bg7 9. Bd3 dxc4 10. Bxc4 O-O 11. O-O Nd7 12. Re1 Nb6 13. Bb3 Qe7 14. Qc2 e5 15.
h3 Bf5 16. e4 Bd7 17. d5 c5 18. Na4 Nxa4 19. Bxa4 b5 20. Bb3 c4 21. Bxc4 bxc4
22. Qxc4 Rfc8 23. Qd3 Qd6 24. Rac1 Rxc1 25. Rxc1 Rc8 26. Rxc8+ Bxc8 27. Qb5 Qd7
28. Qb8 f6 29. Qb3 Qb7 30. Qc2 Bf8 31. Nd2 Bd6 32. Nb3 Qc7 33. Qd3 Qb6 34. Qc2
Bd7 35. Nd2 Qc5 36. Nc4 Bb5 37. b3 Bxc4 38. Qxc4 Qxc4 39. bxc4 Kf7 40. Kf1 Ke7
41. Ke2 Kd7 42. Kd3 Kc7 43. Kc3 Kb6 44. Kb3 f5 45. exf5 gxf5 46. h4 h5 47. Kc3
Bc5 48. f4 exf4 49. Kd3 Bf2 50. Ke2 Bxh4 51. Kf3 Bg5 52. Ke2 Kc5 53. Kd3 Bf6
{White resigns} 0-1

[Event "Team 45 45 League T63"]
[Site "Internet Chess Club"]
[Date "2014.11.28"]
[Round "1"]
[White "Hal2001"]
[Black "arconia"]
[Result "1-0"]
[WhiteElo "1518"]
[BlackElo "1289"]
[Opening "Sicilian: Grand Prix attack"]
[ECO "B23"]
[Time "10:11:36"]
[TimeControl "2700+45"]

1. e4 c5 2. Nc3 Nc6 3. f4 d6 4. Nf3 a6 5. g3 Nf6 6. Bg2 e5 7. d3 Be7 8. O-O O-O
9. Nd5 Ne8 10. Nxe7+ Qxe7 11. c3 f5 12. exf5 Bxf5 13. Re1 Nf6 14. d4 e4 15. Nh4
Bg4 16. Qb3+ d5 17. dxc5 Rad8 18. Be3 Kh8 19. h3 Bf3 20. Nxf3 exf3 21. Bxf3 Ne4
22. Bd4 Nxd4 23. cxd4 Qe6 24. Bxe4 Qxh3 25. Bg2 Qg4 26. Qf3 Qg6 27. Re5 b6 28.
f5 Qc6 29. Re6 Qa4 30. Qd3 bxc5 31. Rxa6 Qd7 32. dxc5 Rxf5 33. Rd6 Qc7 34. Rxd8+
Qxd8 35. Qxf5 {Black resigns} 1-0

[Event "Team 45 45 League T63"]
[Site "Internet Chess Club"]
[Date "2014.11.27"]
[Round "1"]
[White "smyslovVchess"]
[Black "nidusin2"]
[Result "1-0"]
[WhiteElo "1638"]
[BlackElo "1599"]
[Opening "Ruy Lopez: Berlin defense"]
[ECO "C65"]
[Time "09:00:17"]
[TimeControl "2700+45"]

1. e4 e5 2. Nf3 Nc6 3. Bb5 Nf6 4. d3 d6 5. h3 a6 6. Ba4 b5 7. Bb3 Na5 8. Bg5
Nxb3 9. axb3 Be7 10. Nc3 Bb7 11. O-O b4 12. Ne2 O-O 13. Ng3 h6 14. Bd2 c5 15.
Nf5 Bc8 16. Nxe7+ Qxe7 17. g4 Nh7 18. Kg2 Be6 19. Kg3 Qf6 20. Nh4 g5 21. Nf5
Bxf5 22. gxf5 Qg7 23. Rg1 Nf6 24. Kh2 Kh7 25. f4 exf4 26. Bxf4 Rfd8 27. Qf3 Ne8
28. Rab1 f6 29. h4 Qf7 30. hxg5 hxg5 31. Qh3+ Kg8 32. Rg4 Kf8 33. Bg3 Ke7 34.
Bf2 Ng7 35. Kg2 Rh8 36. Qf3 Nh5 37. Be3 Qh7 38. Rg1 Qh6 39. Kf1 a5 40. Ke1 a4
41. bxa4 Rxa4 42. Kd2 Qf8 43. e5 fxe5 44. Qb7+ Ke8 45. Qc6+ Kf7 46. Qxa4 Nf4 47.
Qd7+ {Black resigns} 1-0

[Event "Team 45 45 League T63"]
[Site "Internet Chess Club"]
[Date "2014.11.26"]
[Round "1"]
[White "fireball"]
[Black "hudson"]
[Result "0-1"]
[WhiteElo "1643"]
[BlackElo "1684"]
[Opening "English opening"]
[ECO "A16"]
[Time "23:32:39"]
[TimeControl "2700+45"]

1. c4 Nf6 2. Nc3 g6 3. g3 Bg7 4. Bg2 O-O 5. e3 d6 6. Nge2 e5 7. O-O c6 8. d4
Nbd7 9. d5 c5 10. f4 exf4 11. exf4 Re8 12. f5 Ne5 13. fxg6 hxg6 14. b3 Bf5 15.
Bg5 Qd7 16. h3 Nh7 17. h4 Nxg5 18. hxg5 Bh3 19. Qd2 Bxg2 20. Kxg2 Ng4 21. Rf3
Qe7 22. Rh1 Ne3+ 23. Kf2 Nf5 24. Nd1 Qe4 25. Ndc3 Qe7 26. Nd1 Nd4 27. Re3 Be5
28. Re1 Qxg5 29. Kg2 Nf5 30. Rf3 Qxd2 {White resigns} 0-1

[Event "Team 45 45 League T63"]
[Site "Internet Chess Club"]
[Date "2014.12.01"]
[Round "1"]
[White "alexine"]
[Black "Skeptic1972"]
[Result "0-1"]
[WhiteElo "1557"]
[BlackElo "1593"]
[Opening "Giuoco Piano"]
[ECO "C54"]
[Time "14:03:59"]
[TimeControl "2700+45"]

1. e4 e5 2. Nf3 Nc6 3. Bc4 Bc5 4. c3 Nf6 5. O-O O-O 6. d4 exd4 7. cxd4 Bb4 8. e5
Ne8 9. a3 d5 10. Ba2 Ba5 11. b4 Bb6 12. Bb2 Bg4 13. Qb3 Bxf3 14. Qxf3 Nxd4 15.
Bxd4 Bxd4 16. Nc3 Bxe5 17. Rad1 Bxc3 18. Bxd5 Qf6 19. Rd3 Qxf3 20. Rxf3 Nf6 21.
Bxb7 Rab8 22. Ba6 Be5 23. h3 h6 24. Bc4 Bd6 25. Bb3 Rb5 26. Rd1 Re5 27. Ba4 a5
28. b5 Rfe8 29. Kf1 Rd5 30. Rb1 Rd4 31. Bc2 Rd2 32. Ba4 Rb8 33. Re3 Bc5 34. Rf3
Bb6 35. Re1 Re8 36. Rxe8+ Nxe8 37. Ke1 Rb2 38. Bb3 Nf6 39. a4 Bxf2+ 40. Rxf2
Rxb3 41. Rc2 Ne8 42. Rc4 Ra3 43. Ke2 Ra2+ 44. Kf3 Ra3+ 45. Kf4 Nf6 46. Kf5 Ne8
47. Ke5 Ra2 48. g4 Ra3 49. h4 Re3+ 50. Kd5 Re6 51. h5 Nf6+ 52. Kc5 Nd7+ 53. Kd4
Rd6+ 54. Ke4 Nf6+ 55. Kf4 Rd7 56. Kf5 Nd5 57. Ke4 Nb6 58. Rc6 Nxa4 59. Ra6 Nc3+
{White resigns} 0-1

[Event "Team 45 45 League T63"]
[Site "Internet Chess Club"]
[Date "2014.11.30"]
[Round "1"]
[White "Insan996"]
[Black "BrianWood"]
[Result "1-0"]
[WhiteElo "1559"]
[BlackElo "1457"]
[Opening "King's Indian: East Indian defense"]
[ECO "A48"]
[Time "14:01:20"]
[TimeControl "2700+45"]

1. d4 Nf6 2. Nf3 g6 3. e3 Bg7 4. Be2 d6 5. b3 O-O 6. Bb2 b6 7. O-O Bb7 8. c4
Nbd7 9. Nc3 a6 10. Qc2 c5 11. d5 e6 12. e4 exd5 13. exd5 Re8 14. a4 Ne5 15. Rfe1
Nxf3+ 16. Bxf3 Rxe1+ 17. Rxe1 Qd7 18. h3 Re8 19. Re2 Rxe2 20. Qxe2 Qe8 21. Qxe8+
Nxe8 22. Nd1 Bxb2 23. Nxb2 Nc7 24. Nd1 b5 25. Nc3 bxc4 26. bxc4 f5 27. g4 fxg4
28. Bxg4 Kf7 29. h4 Ke7 30. f4 Ne8 31. Kf2 Nf6 32. Bh3 h5 33. Kf3 Kd8 34. Ne4
Nxe4 35. Kxe4 Bc8 36. Bxc8 Kxc8 37. f5 gxf5+ 38. Kxf5 Kd7 39. Kg5 Ke7 40. Kxh5
Kf6 41. Kg4 Kg6 42. h5+ Kf6 43. h6 Kg6 44. h7 Kxh7 45. Kf5 Kg8 46. Ke6 Kf8 47.
Kxd6 Ke8 48. Kxc5 Kd8 49. Kb6 Kd7 50. c5 Kc8 51. c6 Kb8 52. d6 Kc8 53. c7 a5 54.
Ka7 Kd7 55. Kb7 Kxd6 56. c8=Q {Black resigns} 1-0

[Event "Team 45 45 League T63"]
[Site "Internet Chess Club"]
[Date "2014.12.06"]
[Round "1"]
[White "Geeloo"]
[Black "DeepGreen"]
[Result "0-1"]
[WhiteElo "1897"]
[BlackElo "1958"]
[Opening "Sicilian"]
[ECO "B50"]
[Time "15:41:31"]
[TimeControl "2700+45"]

1. e4 c5 2. Nf3 d6 3. c3 Nf6 4. h3 Nc6 5. Bd3 g6 6. Bc2 Bg7 7. O-O O-O 8. d4
cxd4 9. cxd4 e5 10. dxe5 dxe5 11. Nc3 Be6 12. Be3 Qa5 13. Qe2 Rfd8 14. Rfd1 Qb4
15. Qb5 Rxd1+ 16. Rxd1 Qxb5 17. Nxb5 Bxa2 18. Ra1 Nb4 19. Nxe5 Nxc2 20. Rxa2
Nxe3 21. fxe3 Nxe4 22. Nc4 a6 23. Nbd6 Nxd6 24. Nxd6 b6 25. b3 Bf8 26. Nb5 a5
27. Kf2 Bc5 28. Kf3 Rd8 29. Rc2 Rd3 30. Rc3 Rd1 31. Nc7 Rf1+ 32. Ke4 Rf2 33. Nd5
Rxg2 34. Nf6+ Kg7 35. Nd7 Rg5 36. Nxc5 bxc5 37. Rc4 Rh5 38. Ra4 Rh4+ 39. Kd5
Rxa4 40. bxa4 f5 41. Kxc5 g5 42. Kb5 g4 43. hxg4 fxg4 44. Kxa5 g3 45. Kb6 g2 46.
a5 g1=Q 47. a6 Qxe3+ 48. Kb7 h5 49. a7 Qxa7+ 50. Kxa7 h4 {White resigns} 0-1

[Event "Team 45 45 League T63"]
[Site "Internet Chess Club"]
[Date "2014.12.01"]
[Round "1"]
[White "RubberDuck"]
[Black "RobertStephen"]
[Result "1/2-1/2"]
[WhiteElo "1933"]
[BlackElo "1977"]
[Opening "Caro-Kann: exchange variation"]
[ECO "B13"]
[Time "14:02:08"]
[TimeControl "2700+45"]

1. e4 c6 2. d4 d5 3. exd5 cxd5 4. Bd3 Nc6 5. c3 Nf6 6. Ne2 e6 7. O-O Bd6 8. Bf4
e5 9. dxe5 Nxe5 10. Bb5+ Bd7 11. Nd4 O-O 12. Nd2 Re8 13. Re1 Qb6 14. Qb3 Bxb5
15. Qxb5 Qc7 16. Bxe5 Bxe5 17. N2f3 a6 18. Qb3 Bf4 19. Ne2 Bd6 20. Ned4 Ng4 21.
g3 Nf6 22. Rad1 Rad8 23. Nf5 Bc5 24. N3d4 Rxe1+ 25. Rxe1 Ra8 26. Ne3 Re8 27. Rd1
{Game drawn by mutual agreement} 1/2-1/2

[Event "Team 45 45 League T63"]
[Site "Internet Chess Club"]
[Date "2014.11.30"]
[Round "1"]
[White "jjimalo"]
[Black "fledermaus"]
[Result "1/2-1/2"]
[WhiteElo "1879"]
[BlackElo "1950"]
[Opening "Sicilian: Scheveningen, 6.Be2"]
[ECO "B83"]
[Time "12:09:58"]
[TimeControl "2700+45"]

1. e4 c5 2. Nf3 e6 3. d4 cxd4 4. Nxd4 Nf6 5. Nc3 d6 6. Be2 Be7 7. O-O Nc6 8. Be3
O-O 9. Qd2 a6 10. f4 Qc7 11. Bf3 Rd8 12. Qf2 Nxd4 13. Bxd4 Nd7 14. Rae1 b5 15.
f5 b4 16. fxe6 fxe6 17. Qg3 Ne5 18. Bh5 Rf8 19. Rxf8+ Bxf8 20. Ne2 g6 21. c3 Bg7
22. Bf3 Nxf3+ 23. gxf3 e5 24. Be3 Be6 25. h4 Bxa2 26. h5 gxh5 27. Rc1 Qe7 28.
cxb4 h4 29. Qg2 Be6 30. Bg5 Qf7 31. Bxh4 d5 32. Nc3 Rc8 33. exd5 Bxd5 34. Rf1
Bc4 35. Rd1 Rf8 36. Rd8 Rxd8 37. Bxd8 Bd3 38. Ne4 Bxe4 39. fxe4 Qg6 40. Bc7 Kf7
41. Kf2 Qxg2+ 42. Kxg2 Ke6 43. Kg3 Bf8 44. Ba5 Bh6 45. Kg4 Bc1 46. b3 Bd2 47.
Kh5 Kd6 48. Kg4 Bf4 49. Bd8 Kc6 50. Be7 Kb5 51. Bd6 Kc6 52. Be7 {Game drawn by
mutual agreement} 1/2-1/2

[Event "Team 45 45 League T63"]
[Site "Internet Chess Club"]
[Date "2014.12.01"]
[Round "1"]
[White "Logic"]
[Black "CuatroPrincesas"]
[Result "0-1"]
[WhiteElo "2000"]
[BlackElo "2194"]
[Opening "Sicilian: closed"]
[ECO "B23"]
[Time "16:00:21"]
[TimeControl "2700+45"]

1. e4 c5 2. Nc3 d6 3. f4 g6 4. Nf3 Bg7 5. Bb5+ Bd7 6. Bc4 Nc6 7. O-O Na5 8. d3
Nxc4 9. dxc4 Nf6 10. Qe1 O-O 11. Qh4 Be6 12. Rd1 Bxc4 13. e5 Nd7 14. f5 b5 15.
Bf4 gxf5 16. b3 Be6 17. Ng5 h6 18. Nxe6 fxe6 19. Rd3 Rf7 20. Re1 b4 21. Nb1 dxe5
22. Bxe5 Bxe5 23. Rxe5 Nxe5 24. Rxd8+ Rxd8 25. Qg3+ Ng4 26. Qe1 Rd4 27. c3 Re4
28. Qd2 Rg7 29. a3 a5 30. cxb4 cxb4 31. axb4 axb4 32. g3 Kf7 33. Kg2 h5 34. Qc1
Re2+ 35. Kf3 Rf2# {White checkmated} 0-1

[Event "Team 45 45 League T63"]
[Site "Internet Chess Club"]
[Date "2014.11.30"]
[Round "1"]
[White "spand42"]
[Black "Goli"]
[Result "1-0"]
[WhiteElo "1869"]
[BlackElo "1882"]
[Opening "King's Indian: 6.Be2"]
[ECO "E91"]
[Time "17:26:29"]
[TimeControl "2700+45"]

1. d4 Nf6 2. c4 g6 3. Nf3 Bg7 4. Nc3 O-O 5. e4 d6 6. Be2 Bg4 7. Be3 Nc6 8. d5
Bxf3 9. gxf3 Ne5 10. f4 Ned7 11. h4 e6 12. dxe6 fxe6 13. h5 Kf7 14. Qc2 Rh8 15.
O-O-O Nxh5 16. Bxh5 gxh5 17. Rxh5 Nf6 18. Rh3 Qe7 19. e5 Ng4 20. exd6 cxd6 21.
Ne4 Rad8 22. Ng5+ Ke8 23. Rxh7 Rxh7 24. Qxh7 Qf6 25. Rd2 Ke7 26. Nxe6 Kxe6 27.
Bd4 Rh8 28. Qxg7 Rh1+ 29. Kc2 Qxf4 30. Qxb7 Rh2 31. Qd5+ Kd7 32. Re2 Nxf2 33.
Qb7+ Kd8 34. Qb8+ Kd7 35. Qxa7+ Kc6 36. Qb6+ Kd7 37. Qb7+ {Black resigns} 1-0

[Event "Team 45 45 League T63"]
[Site "Internet Chess Club"]
[Date "2014.11.28"]
[Round "1"]
[White "jt2000"]
[Black "chessfish1"]
[Result "1/2-1/2"]
[WhiteElo "2042"]
[BlackElo "1935"]
[Opening "Scandinavian: Pytel-Wade variation"]
[ECO "B01"]
[Time "15:22:20"]
[TimeControl "2700+45"]

1. e4 d5 2. exd5 Qxd5 3. Nc3 Qd6 4. g3 Nc6 5. Bg2 Nf6 6. Nf3 Bg4 7. h3 Bh5 8. g4
Bg6 9. d3 e6 10. Nh4 Be7 11. Nxg6 hxg6 12. Be3 O-O-O 13. Qd2 Nb4 14. Nb5 Qd7 15.
Nxa7+ Kb8 16. a4 Nfd5 17. Nb5 Nxe3 18. fxe3 Bh4+ 19. Kd1 Qe7 20. Kc1 c6 21. Nc3
Nd5 22. Nxd5 exd5 23. Kb1 Bg5 24. Qc3 Qxe3 25. Qxg7 Qg3 26. Bf1 Rhe8 27. Ka2 Qf3
28. Rh2 Qf4 29. Re2 Qxa4+ 30. Kb1 Qf4 31. Ka2 Bf6 32. Qxf7 Qa4+ 33. Kb1 Qd4 34.
c3 Qxd3+ 35. Ka2 Rf8 36. Re8 Rxf7 37. Rxd8+ Bxd8 38. Bxd3 g5 39. Bf5 Re7 40. Rd1
Bc7 41. Rh1 {Game drawn by mutual agreement} 1/2-1/2

[Event "Team 45 45 League T63"]
[Site "Internet Chess Club"]
[Date "2014.12.06"]
[Round "1"]
[White "SlimeDog2"]
[Black "RobertStephen"]
[Result "0-1"]
[WhiteElo "2049"]
[BlackElo "1997"]
[Opening "QGA, Janowsky-Larsen variation"]
[ECO "D25"]
[Time "14:13:28"]
[TimeControl "2700+45"]

1. d4 d5 2. Nf3 Nf6 3. c4 dxc4 4. e3 Bg4 5. Bxc4 e6 6. O-O Bd6 7. Nc3 O-O 8. h3
Bh5 9. e4 Bb4 10. Qb3 Bxf3 11. Qxb4 Nc6 12. Qxb7 Na5 13. Qa6 Nxc4 14. gxf3 Qxd4
15. Rd1 Qc5 16. Qb5 Qxb5 17. Nxb5 a6 18. Nc3 Rad8 19. b3 Rxd1+ 20. Nxd1 Ne5 21.
Kg2 Nd3 22. Nb2 Ne1+ 23. Kg3 g6 24. e5 Nh5+ 25. Kg4 f5+ 26. exf6 Nxf6+ 27. Kg3
Nd5 28. Bh6 Rxf3+ 29. Kh2 Rxf2+ 30. Kg1 Re2 31. Nc4 Nf3+ 32. Kf1 Rc2 {White
resigns} 0-1

[Event "Team 45 45 League T63"]
[Site "Internet Chess Club"]
[Date "2014.11.29"]
[Round "1"]
[White "spand42"]
[Black "sharky123"]
[Result "1/2-1/2"]
[WhiteElo "1851"]
[BlackElo "1784"]
[Opening "Caro-Kann: advance variation"]
[ECO "B12"]
[Time "17:01:48"]
[TimeControl "2700+45"]

1. e4 c6 2. d4 d5 3. e5 Bf5 4. h4 h5 5. Bg5 Qb6 6. Bd3 Qxd4 7. Nf3 Qg4 8. O-O e6
9. Bxf5 Qxf5 10. c4 Nd7 11. cxd5 exd5 12. Re1 Be7 13. e6 Nc5 14. exf7+ Qxf7 15.
Bxe7 Nxe7 16. Ng5 Qf6 17. Qc2 b6 18. Nc3 O-O-O 19. b4 Ne4 20. Ncxe4 dxe4 21.
Nxe4 Qxh4 22. Qc4 Qf4 23. Qe6+ Rd7 24. Rad1 Rd8 25. Rxd7 Rxd7 26. Rd1 Qc7 27.
Ng5 Nd5 28. b5 Kb7 29. Nf3 Nf6 30. Rc1 c5 31. a4 Qd6 32. Qc4 Qd5 33. Qf4 Qe4 34.
Qg5 Qxa4 35. Ne5 Rd1+ 36. Kh2 Ng4+ 37. Nxg4 Rxc1 38. Qxg7+ Kc8 39. Qf8+ Kc7 40.
Qe7+ Kc8 41. Qe8+ Kc7 42. Qe7+ {Game drawn by mutual agreement} 1/2-1/2